AoeStats
← ASMODEUS7743

Nomad

506679296Analyzed
4v4 RM · 17d ago on Sep 14, 2026· 24m 53s· 8 players
Game mode
Random Map
Map size
231×231
Population
200
Speed
Normal
Resources
Standard
Victory
Conquest
Starting age
Dark Age
Ending age
Imperial Age
RankedLock teamsTeams togetherTeam positionsShared explorationLock speedFull tech treeHidden civsTurbo modeCheats
Victory
Defeat
🇨🇳 Japanese · China
1336
+15
🇦🇺 Koreans · Australia
1323
+15
🇮🇳 Italians · India
1294
+16
🇪🇸 Wei · Spain
1288
+17
🇫🇮 Italians · Finland
1353
-18
🇺🇸 Hindustanis · United States
1344
-17
🇦🇷 Japanese · Argentina
1266
-14
🇪🇸 Malay · Spain
1253
-14
Neinkaiser
4:40 Loom
12:19 Feudal Age
12:45 Town Watch
12:49 Double-Bit Axe
12:58 Gold Mining
13:47 Wheelbarrow
15:23 Fishing Lines
16:34 Horse Collar
17:37 Town Watch
22:03 Castle Age
20:26 Stone Mining
22:57 Fletching
23:30 Hand Cart
23:36 Gillnets
24:57 Bow Saw
24:48 Heavy Plow
24:42 Demolition Ship
25:34 Medium Warships
Jack
3:51 Loom
13:00 Feudal Age
17:04 Castle Age
15:44 Man-at-Arms
16:23 Gold Mining
17:08 Long Swordsman
19:53 Gold Shaft Mining
21:45 Scale Mail Armor
21:55 Forging
23:29 Wheelbarrow
22:43 Gambesons
23:36 Chain Mail Armor
23:10 Horse Collar
moneyfusion06
4:54 Loom
14:32 Feudal Age
15:31 Double-Bit Axe
21:18 Castle Age
21:44 Gold Mining
22:28 Medium Warships
23:27 Clinker Construction
DreamStolen
4:15 Loom
13:34 Feudal Age
15:12 Fletching
20:56 Castle Age
21:10 Double-Bit Axe
21:52 Medium Warships
IamBritt
5:25 Loom
14:16 Feudal Age
14:50 Double-Bit Axe
18:00 Castle Age
16:14 Gold Mining
16:11 Double-Bit Axe
19:15 Bow Saw
21:41 Medium Warships
ASMODEUS7743
14:42 Loom
16:53 Feudal Age
19:38 Double-Bit Axe
20:41 Wheelbarrow
20:44 Gold Mining
23:52 Castle Age
22:56 Fletching
Haniek!!
4:57 Loom
16:03 Feudal Age
17:21 Double-Bit Axe
17:56 Fishing Lines
22:09 Castle Age
20:03 Fletching
23:22 Bow Saw
23:34 Medium Warships
23:15 Gillnets
22:51 Demolition Ship
23:25 Gillnets
Mizii
7:54 Loom
13:20 Feudal Age
14:08 Double-Bit Axe
18:12 Fletching
20:30 Castle Age
21:30 Medium Warships
21:23 Bodkin Arrow
24:19 Ballistics
Connection lost

Rejoining the realm…

Still unreachable

The connection could not be restored.

Session expired

The server has moved on; the page needs a fresh start.